 Dungeon Crawl Stone Soup version 0.16-a0-3029-g57b17b4 (webtiles) character file.

5551 Ololoev the Cleaver (level 10, 0/47 HPs)
             Began as a Vine Stalker Berserker on Dec 8, 2014.
             Was a High Priest of Trog.
             Slain by an orc warrior
             ... wielding a +0 hand axe
              (9 damage)
             ... on level 3 of the Orcish Mines.
             The game lasted 00:40:14 (3231 turns).

Ololoev the Cleaver (Vine Stalker Berserker)        Turns: 3231, Time: 00:40:15

Health: 0/47       AC: 12    Str: 23    XL:     10   Next: 71%
Magic:  0/22       EV:  7    Int:  7    God:    Trog [*****.]
Gold:   141        SH:  0    Dex: 14    Spells: 0 memorised, 9 levels left

rFire  . . .     SeeInvis .     D - +2 battleaxe (flame)
rCold  . . .     Clarity  .     G - +0 plate armour
rNeg   . . .     SustAb   .     (no shield)
rPois  .         Gourm    .     (helmet restricted)
rElec  .         Spirit   +     (no cloak)
rCorr  .         Warding  .     (no gloves)
rMut   .         Stasis   .     (no boots)
MR     +....                    n - amulet of regeneration
Stlth  ..........               (no ring)
                                v - ring of magical power

@: exhausted, very slightly contaminated, somewhat resistant to hostile
enchantments, extremely unstealthy
A: fangs 3, horns 1, regeneration 2, magic shield, antimagic bite, no device
heal 3, rot immunity
a: Burn Spellbooks, Berserk, Trog's Hand, Brothers in Arms, Renounce Religion


You were on level 3 of the Orcish Mines.
You worshipped Trog.
Trog was extremely pleased with you.
You were not hungry.

You visited 2 branches of the dungeon, and saw 14 of its levels.
You visited 1 bazaar.
You also visited: Ice Cave.

You collected 843 gold pieces.
You spent 702 gold pieces at shops.

Notes
Turn   | Place    | Note
--------------------------------------------------------------
     0 | D:1      | Ololoev, the Vine Stalker Berserker, began the quest for the Orb.
     0 | D:1      | Reached XP level 1. HP: 11/11 MP: 1/1
   172 | D:2      | Reached skill level 3 in Axes
   172 | D:2      | Reached XP level 2. HP: 16/16 MP: 3/3
   212 | D:3      | Noticed Grinder
   258 | D:3      | Killed Grinder
   258 | D:3      | Reached skill level 4 in Axes
   258 | D:3      | Reached XP level 3. HP: 9/19 MP: 4/4
   258 | D:3      | Reached XP level 4. HP: 10/23 MP: 5/5
   258 | D:3      | Reached XP level 5. HP: 11/27 MP: 7/7
   272 | D:3      | Found a snail-covered altar of Cheibriados.
   291 | D:3      | Acquired Trog's second power
   291 | D:3      | Reached skill level 5 in Axes
   335 | D:3      | Gained mutation: You heal very quickly. [vine stalker growth]
   335 | D:3      | Reached XP level 6. HP: 32/32 MP: 8/8
   544 | D:4      | Found an opulent altar of Gozag.
   721 | D:5      | Entered Level 5 of the Dungeon
   782 | D:5      | Reached skill level 6 in Axes
   782 | D:5      | Reached XP level 7. HP: 35/35 MP: 9/9
  1166 | D:6      | Found a stormy altar of Qazlal.
  1242 | D:6      | Reached skill level 7 in Axes
  1265 | D:6      | Gained mutation: You have razor-sharp teeth. [vine stalker growth]
  1265 | D:6      | Reached XP level 8. HP: 39/39 MP: 11/11
  1295 | D:6      | Found a glowing silver altar of Zin.
  1316 | D:6      | Found a staircase to the Ecumenical Temple.
  1374 | D:6      | Found Kheppim's Antique Weapon Emporium.
  1519 | D:7      | Reached skill level 5 in Armour
  1540 | D:7      | Found a sacrificial altar of Ru.
  1574 | D:7      | Acquired Trog's third power
  1574 | D:7      | Reached skill level 8 in Axes
  1621 | D:6      | Bought a runed battleaxe for 182 gold pieces
  1756 | D:8      | Noticed a two-headed ogre
  1760 | D:8      | Killed a two-headed ogre
  1824 | D:8      | Reached skill level 9 in Axes
  1824 | D:8      | Reached XP level 9. HP: 43/43 MP: 12/12
  1900 | D:7      | Reached skill level 10 in Axes
  1963 | D:8      | Noticed a troll
  1968 | D:8      | Killed a troll
  2054 | D:8      | Found a staircase to the Lair.
  2144 | D:9      | Reached skill level 11 in Axes
  2230 | D:10     | Entered Level 10 of the Dungeon
  2238 | D:10     | Found a staircase to the Orcish Mines.
  2302 | D:10     | Reached XP level 10. HP: 47/47 MP: 13/13
  2334 | Orc:1    | Entered Level 1 of the Orcish Mines
  2344 | Orc:1    | Received a gift from Trog
  2546 | Orc:2    | Reached skill level 12 in Axes
  2603 | Orc:3    | Found a staircase to the Elven Halls.
  2649 | Orc:4    | Entered Level 4 of the Orcish Mines
  2664 | Orc:4    | Found a frozen archway.
  2666 | Orc:4    | Received a gift from Trog
  2811 | Orc:4    | Found a flickering gateway to a bazaar.
  2827 | Orc:4    | Found a roughly hewn altar of Beogh.
  2830 | Bazaar   | Entered a bazaar
  2834 | Bazaar   | Found Uwaot's Weapon Boutique.
  2853 | Bazaar   | Found Louckuna's Distillery.
  2871 | Bazaar   | Found Thriobor's Jewellery Boutique.
  2888 | Bazaar   | Found Fuasamag's Antique Weapon Shoppe.
  2926 | Bazaar   | Bought a potion of agility for 40 gold pieces
  2926 | Bazaar   | Bought a potion of beneficial mutation for 350 gold pieces
  2926 | Bazaar   | Bought a potion of curing for 30 gold pieces
  2926 | Bazaar   | Bought a potion of haste for 100 gold pieces
  2930 | Bazaar   | Gained mutation: You have a pair of small horns on your head. [potion of beneficial mutation]
  3045 | IceCv    | Entered an ice cave
  3114 | IceCv    | Noticed an ice statue
  3114 | IceCv    | Noticed an ice statue
  3114 | IceCv    | Noticed an ice statue
  3182 | Orc:4    | Received a gift from Trog
  3194 | Orc:4    | Noticed an orc high priest
  3195 | Orc:4    | Noticed an orc high priest
  3196 | Orc:4    | Noticed an orc knight
  3196 | Orc:4    | Noticed an orc knight
  3196 | Orc:4    | Noticed an orc knight
  3196 | Orc:4    | Noticed an orc high priest
  3196 | Orc:4    | Noticed an orc sorcerer
  3196 | Orc:4    | Noticed an orc sorcerer
  3197 | Orc:4    | Noticed an orc knight
  3197 | Orc:4    | Noticed an orc sorcerer
  3197 | Orc:4    | Noticed an orc sorcerer
  3198 | Orc:4    | Noticed a soul eater
  3199 | Orc:4    | Noticed a soul eater
  3203 | Orc:4    | Killed a soul eater
  3208 | Orc:4    | Killed an orc knight
  3208 | Orc:4    | Reached skill level 13 in Axes
  3210 | Orc:4    | HP: 3/70 [orc high priest/divine providence (5)]
  3217 | Orc:4    | Noticed a sixfirhy
  3219 | Orc:4    | HP: 1/47 [orc sorcerer/bolt of fire (15)]
  3231 | Orc:3    | Slain by an orc warrior

Inventory:

Hand weapons
 o - a +1 antimagic executioner's axe
 D - a +2 battleaxe of flaming (weapon)
Missiles
 h - 21 stones (quivered)
 q - 4 javelins of returning
Armour
 G - a +0 plate armour (worn)
Jewellery
 i - an uncursed ring of fire
 l - an uncursed amulet of clarity
 n - an amulet of regeneration (around neck)
 v - a ring of magical power (left hand)
Magical devices
 d - a wand of slowing (8)
 u - a wand of magic darts (12)
 C - a wand of teleportation (7)
Scrolls
 a - a scroll of amnesia {unknown}
 b - a scroll of silence {unknown}
 e - a scroll of magic mapping
 f - 2 scrolls of immolation
 m - 2 scrolls of remove curse
 r - a scroll of identify {unknown}
 y - 3 scrolls of fog {unknown}
 B - a scroll of vulnerability {unknown}
 F - a scroll of random uselessness {unknown}
Potions
 g - a potion of heal wounds {unknown}
 j - a potion of lignification {unknown}
 k - a potion of poison {unknown}
 p - a potion of might
 t - a potion of degeneration {unknown}
 z - a potion of brilliance {unknown}
 A - a potion of cancellation {unknown}
 H - a potion of agility
 J - a potion of curing
 K - a potion of haste
Books
 x - a book of Transfigurations

   Spells                             Type                      Level
   a - Stoneskin                      Transmutation/Earth          2
   b - Irradiate                      Conjuration/Transmutation    5
   c - Statue Form                    Transmutation/Earth          6
   d - Hydra Form                     Transmutation                6
   e - Dragon Form                    Transmutation                7
   Trog disapproves of the use of such an item.
Comestibles
 c - 3 bread rations
 E - a meat ration

Table legend:
 A = Turns spent in this place as a percentage of turns spent in the entire game.
 B = Non-inter-level travel turns spent in this place as a percentage of non-inter-level travel turns spent in the entire game.
 C = Inter-level travel turns spent in this place as a percentage of turns spent in this place.
 D = Turns resting spent in this place as a percentage of non-inter-level travel turns spent in this place.
 E = Turns spent auto-exploring this place as a percentage of non-inter-level travel turns spent in this place.
 F = Non-inter-level travel turns spent in this place divided by the number of levels of this place that you've seen.
                   A       B       C       D       E      F
               +-------+-------+-------+-------+-------+----------------------
         Total | 100.0 | 100.0 |   0.6 |   2.2 |   0.0 | 164.4
       Dungeon |  70.6 |  70.4 |   0.9 |   2.3 |   0.1 | 185.2
  Orcish Mines |  23.2 |  23.3 |   0.2 |   1.5 |   0.0 | 153.0
        Bazaar |   4.1 |   4.1 |   0.0 |   0.0 |   0.0 | 109.0
      Ice Cave |   2.2 |   2.2 |   0.0 |   8.8 |   0.0 |  57.0
               +-------+-------+-------+-------+-------+----------------------


   Skills:
 - Level 2.6 Fighting
 * Level 13.2 Axes
 - Level 5.0 Armour
 - Level 1.5 Dodging


You had 9 spell levels left.
You didn't know any spells.

Dungeon Overview and Level Annotations

Branches:
Dungeon (10/15)            Temple (0/1) D:6            Lair (0/8) D:8
    Orc (4/4) D:10            Elf (0/3) Orc:3

Altars:
Cheibriados
Gozag
Qazlal
Ru
Zin
Beogh

Shops:
D:6 (


Innate Abilities, Weirdness & Mutations

You have razor-sharp teeth.
You heal very quickly.
When hurt, damage is shared between your health and your magic reserves.
Your bite disrupts and absorbs the magic of your enemies.
Potions and wands cannot restore your health.
You are immune to rotting.
You have a pair of small horns on your head.


Message History

Send 'em back where they came from!
Trog shields your ally from puny magic!
The orc sorcerer hits something but does no damage.
The orc high priest prays.
Your ogre barely misses the orc sorcerer.
You feel the effects of Trog's Hand fading.
There is a stone staircase leading up here.
You are starving!
Your ogre hits the orc high priest with a giant spiked club!!
The orc high priest calls down the wrath of Beogh upon you.
Something smites you!
Your ogre closely misses the orc high priest.
You climb upwards.
The orc warrior shouts!
The orc shouts!
The orc priest shouts!
Your skin stops crawling.
You feel less resistant to hostile enchantments.
The orc priest hits you but does no damage.
Found 71 gold pieces.
There is a stone staircase leading down here.
Use which ability? (? or * to list)
Okay, then.
Eat which item? (? for menu, Esc to quit)
The orc hits you but does no damage.
The orc priest suddenly cheers.
You continue eating.
The orc warrior hits you with a hand axe.
The orc hits you but does no damage.
You continue eating.
The orc priest hits you but does no damage.
The orc warrior completely misses you. The orc hits you but does no damage.
The orc priest barely misses you.
You finish eating.
That meat ration really hit the spot!
Use which ability? (? or * to list)
Your ogre goes berserk!
You feel somewhat more hungry.
You feel yourself speed up. The orc warrior misses you.
The orc hits you with a hand axe. The orc priest barely misses you.
The orc warrior hits you with a hand axe!
You die...

# ##.##.#
........ .
........# ...
#........##.$.#
........$#.....
..............#
..$....o........#
#...o@.#
#....o.........
#.......O..#...
##$.......... .
##............
#.....##....
##..... ...
...... .. ..#


You could see an orc warrior, an orc priest, an orc and a friendly ogre
(berserk).

Table legend:
 A = Kills in this place as a percentage of kills in entire the game.
 B = Kills by you in this place as a percentage of kills by you in the entire game.
 C = Kills by friends in this place as a percentage of kills by friends in the entire game.
 D = Other kills in this place as a percentage of other kills in the entire game.
 E = Experience gained in this place as a percentage of experience gained in the entire game.
 F = Experience gained in this place divided by the number of levels of this place that you have seen.
                   A       B       C       D       E      F
               +-------+-------+-------+-------+-------+----------------------
         Total | 100.0 | 100.0 |  -nan |  -nan | 100.0 | 495.7
       Dungeon |  52.2 |  52.2 |  -nan |  -nan |  58.7 | 465.4
  Orcish Mines |  45.3 |  45.3 |  -nan |  -nan |  31.7 | 628.5
      Ice Cave |   2.4 |   2.4 |  -nan |  -nan |   9.6 | 763.0
               +-------+-------+-------+-------+-------+----------------------

Vanquished Creatures
  A soul eater (Orc:4)
  An orc knight (Orc:4)
  A two-headed ogre (D:8)
  A troll (D:8)
  Grinder (D:3)
  2 wargs (Orc:4)
  A steam dragon (D:9)
  2 wolves (D:8)
  2 orc warriors
  A sky beast (D:6)
  7 ice beasts (IceCv)
  8 ogres
  2 phantoms
  A centaur (D:6)
  A gnoll sergeant (D:8)
  2 giant frogs
  7 killer bees
  2 jellies
  5 crimson imps
  A giant frog skeleton (D:3)
  9 hounds
  8 orc priests
  A quasit (D:6)
  3 iguanas
  14 orc wizards
  2 worker ants
  A worker ant zombie (D:5)
  3 gnolls (D:8)
  6 adders
  12 white imps (Orc:4)
  2 worms
  94 orcs
  14 hobgoblins
  7 bats
  A giant newt (D:1)
  8 goblins
  2 jackals (D:8)
  4 kobolds
  A quokka (D:3)
  8 rats
249 creatures vanquished.

Vanquished Creatures (collateral kills)
  An orange demon (Orc:4)
1 creature vanquished.

Vanquished Creatures (others)
  An ogre (Orc:4)
1 creature vanquished.

Grand Total: 251 creatures vanquished

Action                   |  1- 3 |  4- 6 |  7- 9 | 10-12 || total
-------------------------+-------+-------+-------+-------++-------
Melee: Hand axe          |    27 |    80 |   113 |       ||   220
       Battleaxe         |       |       |   104 |   163 ||   267
Invok: Berserk           |     3 |     7 |    14 |     7 ||    31
       Burn Spellbooks   |       |       |     1 |       ||     1
       Brothers in Arms  |       |       |       |     3 ||     3
       Trog's Hand       |       |       |       |     2 ||     2
Evoke: Wand              |       |     1 |     1 |       ||     2
  Use: Scroll            |       |       |     6 |     2 ||     8
       Potion            |       |       |     1 |     1 ||     2
 Stab: Invisible         |       |       |     3 |       ||     3
  Eat: Chunk             |       |     7 |     7 |     9 ||    23
       Meat ration       |       |     1 |     1 |     1 ||     3
       Beef jerky        |       |       |     1 |       ||     1
       Bread ration      |       |       |     1 |       ||     1
       Fruit             |       |       |       |     2 ||     2

Vault maps used:
D:1:      ncdulo_watergridlock
D:3:      cheibriados_altar_1, first_bread, uniq_grinder
D:4:      nicolae_overflow_hidden_temple, grunt_gozag_breadcrumbs,
          makhleb_blood_cavern_becter
D:5:      abandoned_shop
D:6:      overflow_temple_1_default, lemuel_coloured_pillars_altar,
          kennysheep_little_box, minmay_temple_entry_statues_fountains,
          serial_shops, shop, nrook_mini_vaults, minmay_misc_feat_tower
D:7:      hangedman_ru_absence, lemuel_another_geyser, uniq_menkaure
D:8:      nicolae_overflow_crystal_walls, erik_lair_island
D:9:      grunt_temple_overflow_open, serial_shops, shop, special_room,
          hangedman_little_slice_of_home, hex_medium
D:10:     david_orc_2
Orc:1:    mines2_lemuel
Orc:2:    nicolae_orc_lava_room, uniq_erica, uniq_nergalle
Orc:3:    nicolae_orc_pool_cavern, mines_bat_river
Orc:4:    portal_ice_cave_entry_imps, serial_shops, bzr_entry_islet,
          st_orc_elflike, mines2_david
Bazaar:   bazaar_jpeg_circle_common
IceCv:    ice_cave_statue_garden_02
